 Dungeon Crawl Stone Soup version 0.20.1-1-g8b1a95d (webtiles) character file.

3434 Folque the Destroyer (level 10, -6/56 HPs)
             Began as a Tengu Conjurer on Nov 1, 2017.
             Was a Follower of Sif Muna.
             Mangled by a two-headed ogre
             ... wielding a +0 giant club
              (13 damage)
             ... on level 8 of the Dungeon on Nov 2, 2017.
             The game lasted 00:53:16 (10207 turns).

Folque the Destroyer (Tengu Conjurer)              Turns: 10207, Time: 00:53:16

Health: -6/56      AC:  7    Str: 10    XL:     10   Next: 5%
Magic:  1/20       EV: 12    Int: 18    God:    Sif Muna [*.....]
Gold:   372        SH:  0    Dex: 14    Spells: 3/21 levels left

rFire    . . .     SeeInvis .   C - +3 quarterstaff (chaos)
rCold    . . .     Gourm    .   (shield currently unavailable)
rNeg     . . .     Faith    .   j - +0 robe {MR+}
rPois    .         Spirit   .   (helmet restricted)
rElec    .         Reflect  .   D - +1 cloak
rCorr    .         Harm     .   s - +2 pair of gloves
MR       +....                  (boots unavailable)
Stlth    ++........             F - amulet of magic regeneration
Regen    0.2/turn               (no ring)
MPRegen  0.3/turn               (no ring)

@: no status effects
A: beak, talons 3, able to fly 1
a: Fly, Divine Energy, Renounce Religion


You were on level 8 of the Dungeon.
You worshipped Sif Muna.
Sif Muna was aware of your devotion.
You were hungry.

You visited 2 branches of the dungeon, and saw 9 of its levels.
You also visited: Sewer.

You collected 372 gold pieces.

Inventory:

Hand Weapons
 k - a +1 dagger of draining
 C - a +3 quarterstaff of chaos (weapon)
Missiles
 n - 2 throwing nets (quivered)
 I - an exploding tomahawk
Armour
 a - a +0 robe
 j - a +0 robe of magic resistance (worn)
 p - a +2 buckler
 s - a +2 pair of gloves (worn)
 D - a +1 cloak (worn)
Jewellery
 v - an uncursed ring of poison resistance {unknown}
 y - an uncursed ring of positive energy
 F - an amulet of magic regeneration (around neck)
 J - an uncursed ring of protection from magic {unknown}
Wands
 w - a wand of random effects (22/48)
 L - a wand of polymorph (16/24)
Scrolls
 d - 2 scrolls of identify
 f - 2 scrolls of teleportation
 g - 3 scrolls of amnesia {unknown}
 i - 2 scrolls of enchant weapon
 A - a scroll of acquirement
 B - a scroll of vulnerability {unknown}
 G - a scroll of fog {unknown}
 H - a scroll of blinking
Potions
 e - 4 potions of agility
 h - 2 potions of curing
 l - a potion of brilliance {unknown}
 m - 2 potions of flight {unknown}
 o - 7 potions of lignification {unknown}
 q - 3 potions of invisibility {unknown}
 u - 2 potions of mutation {unknown}
 x - a potion of degeneration {unknown}
 z - a potion of magic {unknown}
 E - a potion of heal wounds
Books
 b - a book of Conjurations

   Spells                             Type                      Level
   a - Magic Dart                     Conjuration                  1
   b - Searing Ray                    Conjuration                  2
   c - Dazzling Spray                 Conjuration/Hexes            3
   d - Fulminant Prism                Conjuration/Hexes            4
   e - Force Lance                    Conjuration/Translocation    4
   f - Iskenderun's Mystic Blast      Conjuration                  4
 K - Hiruotav's Disquisition on Blistering Cold
   (You acquired it on level 7 of the Dungeon)

   Spells                             Type                      Level
   a - Inner Flame                    Hexes/Fire                   3
   b - Throw Icicle                   Conjuration/Ice              4
   c - Ice Form                       Ice/Transmutation            4
   d - Bolt of Fire                   Conjuration/Fire             6
   e - Freezing Cloud                 Conjuration/Ice/Air          6
   f - Simulacrum                     Ice/Necromancy               6
   g - Ignition                       Fire                         8
Comestibles
 c - 9 bread rations
 r - 2 royal jellies
 t - 7 meat rations
 M - 2 chunks of flesh


   Skills:
 - Level 3.0 Fighting
 * Level 2.4 Armour
 - Level 2.1 Dodging
 - Level 2.0 Stealth
 - Level 6.2 Spellcasting
 + Level 12.6 Conjurations
 - Level 6.0 Translocations


You had 3 spell levels left.
You knew the following spells:

 Your Spells              Type           Power        Failure   Level  Hunger
a - Magic Dart            Conj           ####         1%          1    None
b - Searing Ray           Conj           ######       1%          2    None
c - Dazzling Spray        Conj/Hex       ####..       2%          3    ##.....
d - Iskenderun's Mystic   Conj           ######..     1%          4    ####...
e - Force Lance           Conj/Tloc      #####...     2%          4    ####...
f - Throw Icicle          Conj/Ice       ####....     9%          4    ####...


Dungeon Overview and Level Annotations

Branches:
Dungeon (8/15)             Temple (1/1) D:6
   Lair: D:8-11

Altars:
Ashenzari
Cheibriados
Elyvilon
Fedhas
Gozag
Kikubaaqudgha
Makhleb
Nemelex Xobeh
Okawaru
Qazlal
Ru
Sif Muna
Trog
Uskayaw
Vehumet
Xom
Yredelemnul
Zin
The Shining One

Shops:
D:4 [!


Innate Abilities, Weirdness & Mutations

You have a beak for a mouth.
You have claws for feet.
You can fly.


Message History

The two-headed ogre is severely wounded.
You barely miss the two-headed ogre. You claw the two-headed ogre.
The two-headed ogre is almost dead.
The two-headed ogre hits you with a giant club!
The two-headed ogre hits you with a giant spiked club.
You barely miss the two-headed ogre. You claw the two-headed ogre.
You peck the two-headed ogre.
The two-headed ogre is almost dead.
The two-headed ogre is no longer blind.
The two-headed ogre barely misses you. x2
Casting: Magic Dart
Confirm with . or Enter, or press ? or * to list all spells.
Aiming: Magic Dart
Press: ? - help, Shift-Dir - straight line, f/p - two-headed ogre
Aim: a two-headed ogre, wielding a giant club and a giant spiked club (almost dead)
The magic dart hits the two-headed ogre.
The two-headed ogre is almost dead.
The two-headed ogre hits you with a giant club!!
* * * LOW HITPOINT WARNING * * *
The two-headed ogre hits you with a giant spiked club!
You die...

.#.......#
..........##
...........# ###
.P..........#...
PP..P.......#.#
t.PP..........#
.P.P..........##
#P.P....O<.#..#.
#..PP...@........
#P.PP............
#.P.?.......#....
P.P.P.....##......
hP.P.P###.# #.....
P..... #.# .....


PP... #.# #... ....# #.. ?. .... #. You could see a two-headed ogre.

Vanquished Creatures
  A porcupine (D:8)
  2 water moccasins (D:6)
  3 sky beasts (D:6)
  Purgy (Sewer)
  2 orc warriors
  2 ogres
  3 centaurs
  4 bullfrogs
  7 scorpions
  2 howler monkeys
  A bullfrog zombie (D:5)
  2 crimson imps
  A quasit (D:6)
  3 hounds
  Crazy Yiuf (D:5)
  3 bullfrog skeletons
  6 orc priests
  9 orc wizards
  4 iguanas
  Ijyb (D:4)
  5 worker ants
  Natasha (thrice) (D:4)
  A hound skeleton (D:4)
  Robin (D:4)
  5 gnolls
  11 adders
  A shadow imp (D:6)
  A white imp (D:7)
  An ooze (D:2)
  An adder zombie (D:6)
  A worm (D:4)
  A dart slug (D:5)
  4 leopard geckos
  39 orcs
  8 bats
  9 giant cockroaches
  12 hobgoblins
  13 jackals
  2 quokkas
  2 ball pythons
  7 frilled lizards
  11 goblins
  A jackal zombie (D:7)
  11 kobolds
  10 rats
219 creatures vanquished.

Vanquished Creatures (others)
  Blork the orc (D:4)
1 creature vanquished.

Grand Total: 220 creatures vanquished

Notes
Turn   | Place    | Note
-------+----------+-------------------------------------------
     0 | D:1      | Folque the Tengu Conjurer began the quest for the Orb.
     0 | D:1      | Reached XP level 1. HP: 10/10 MP: 4/4
   200 | D:1      | Reached skill level 1 in Fighting
   200 | D:1      | Reached XP level 2. HP: 14/16 MP: 6/6
   311 | D:1      | Learned a level 2 spell: Searing Ray
   406 | D:1      | Reached XP level 3. HP: 21/21 MP: 7/7
   414 | D:1      | Learned a level 3 spell: Dazzling Spray
   480 | D:1      | You fall through a shaft!
   589 | D:2      | Found a bloodstained altar of Trog.
   706 | D:2      | Found a radiant altar of Vehumet.
   798 | D:2      | Found a shattered altar of Ashenzari.
   946 | D:2      | Reached XP level 4. HP: 27/27 MP: 7/9
  1701 | D:3      | Reached skill level 6 in Conjurations
  1706 | D:3      | Gained mutation: You can fly. [Tengu growth]
  1706 | D:3      | Reached XP level 5. HP: 7/32 MP: 2/10
  2649 | D:2      | Found an opulent altar of Gozag.
  3139 | D:4      | Found a glowing drain.
  3144 | Sewer    | Entered a sewer
  3154 | Sewer    | Reached XP level 6. HP: 35/37 MP: 12/12
  3163 | Sewer    | Learned a level 4 spell: Iskenderun's Mystic Blast
  3230 | Sewer    | Noticed Purgy
  3235 | Sewer    | Killed Purgy
  3235 | Sewer    | Reached skill level 7 in Conjurations
  3351 | D:4      | Noticed Ijyb
  3364 | D:4      | Killed Ijyb
  3364 | D:4      | Reached skill level 8 in Conjurations
  3484 | D:4      | Reached XP level 7. HP: 13/41 MP: 6/14
  3493 | D:4      | Learned a level 4 spell: Force Lance
  3729 | D:4      | Found Zuxeanash's Armour Emporium.
  3752 | D:4      | Noticed Blork the orc
  3752 | D:4      | Noticed Robin
  3782 | D:4      | Killed Robin
  3920 | D:4      | HP: 2/41 [Blork the orc/puff of flame (6)]
  3927 | D:4      | Killed Blork the orc
  4363 | D:4      | Reached skill level 1 in Translocations
  4444 | D:4      | Noticed Natasha
  4461 | D:4      | Killed Natasha
  4559 | D:4      | Found an ancient bone altar of Kikubaaqudgha.
  4637 | D:4      | Found Abakagag's Distillery.
  4654 | D:4      | Found a snail-covered altar of Cheibriados.
  4655 | D:4      | Found a sacrificial altar of Ru.
  4721 | D:4      | Reached skill level 9 in Conjurations
  4973 | D:4      | Found a sparkling altar of Nemelex Xobeh.
  5027 | D:4      | Noticed Natasha
  5040 | D:4      | Killed Natasha
  5209 | D:4      | Noticed Natasha
  5216 | D:4      | Killed Natasha
  5332 | D:5      | Entered Level 5 of the Dungeon
  5429 | D:5      | Reached XP level 8. HP: 37/46 MP: 9/15
  5799 | D:5      | Found a hide-covered altar of Uskayaw.
  6029 | D:5      | Found a runed door.
  6033 | D:5      | Noticed Crazy Yiuf
  6038 | D:5      | Killed Crazy Yiuf
  6768 | D:6      | Reached skill level 10 in Conjurations
  6986 | D:6      | Reached skill level 5 in Spellcasting
  7421 | D:6      | Reached XP level 9. HP: 40/50 MP: 15/17
  7523 | D:6      | Reached skill level 11 in Conjurations
  8136 | D:6      | Found a staircase to the Ecumenical Temple.
  8146 | Temple   | Entered the Ecumenical Temple
  8161 | Temple   | Became a worshipper of Sif Muna the Loreminder
  8255 | D:6      | Reached skill level 5 in Translocations
  8922 | D:7      | Reached * piety under Sif Muna
  8923 | D:7      | Noticed a two-headed ogre
  8927 | D:6      | Reached skill level 12 in Conjurations
  9778 | D:7      | Found a white marble altar of Elyvilon.
  9779 | D:7      | Found a glowing golden altar of the Shining One.
  9852 | D:7      | Found a glowing silver altar of Zin.
  9913 | D:7      | Identified 2 scrolls of acquirement
  9913 | D:7      | Identified Hiruotav's Disquisition on Blistering Cold (You acquired it on level 7 of the Dungeon)
  9920 | D:7      | Learned a level 4 spell: Throw Icicle
 10054 | D:7      | Reached skill level 1 in Armour
 10054 | D:7      | Reached XP level 10. HP: 56/56 MP: 11/20
 10207 | D:8      | Mangled by a two-headed ogre

Skill      XL: |  1  2  3  4  5  6  7  8  9 10 |
---------------+-------------------------------+-----
Fighting       | 1 2 3 |  3.0
Conjurations   | 6 8 9 10 12 | 12.6
Spellcasting   | 3 4 5 6 |  6.2
Translocations | 2 4 6 |  6.0
Armour         | 1 2 |  2.4
Dodging        | |  2.1
Stealth        | |  2.0

Action                   |  1- 3 |  4- 6 |  7- 9 | 10-12 || total
-------------------------+-------+-------+-------+-------++-------
Melee: Dagger            |    34 |    46 |    52 |       ||   132
       Kick              |    10 |    13 |    32 |     4 ||    59
       Peck              |     3 |     6 |    14 |     1 ||    24
       Unarmed           |     1 |       |       |       ||     1
       Quarterstaff      |       |       |    83 |     6 ||    89
 Cast: Magic Dart        |    33 |    48 |    49 |     2 ||   132
       Dazzling Spray    |     1 |     5 |    33 |     3 ||    42
       Searing Ray       |     1 |    20 |    19 |     1 ||    41
       Force Lance       |       |       |    56 |     2 ||    58
       Iskenderun's Myst |       |       |     7 |       ||     7
       Throw Icicle      |       |       |       |     2 ||     2
 Abil: Fly               |       |       |     3 |       ||     3
  Use: Scroll            |     2 |     8 |     5 |       ||    15
       Potion            |       |     2 |     3 |       ||     5
 Stab: Sleeping          |     1 |     2 |     2 |       ||     5
       Invisible         |       |     1 |     2 |       ||     3
       Distracted        |       |       |     1 |       ||     1
  Eat: Chunk             |     1 |     9 |    27 |     1 ||    38
       Bread ration      |       |       |     1 |       ||     1
       Royal jelly       |       |       |     1 |       ||     1
Armor: Robe              |    12 |    20 |    38 |     1 ||    71
Dodge: Dodged            |    19 |    35 |   117 |     7 ||   178
